 Dungeon Crawl Stone Soup version 0.30-a0-989-g0d87f670db (webtiles) character file.

Game seed: 6298507993510574026

150 Newt the Stinger (level 5, -1/35 HPs)
             Began as a Demonspawn Venom Mage on Apr 3, 2023.
             Slain by a hound (2 damage)
             ... on level 4 of the Dungeon.
             The game lasted 00:02:17 (1816 turns).

Newt the Stinger (Demonspawn Venom Mage)            Turns: 1816, Time: 00:02:17

Health: -1/35      AC:  3    Str:  9    XL:     5   Next: 10%
Magic:  9/9        EV: 12    Int: 18    God:
Gold:   123        SH:  0    Dex: 13    Spells: 9/10 levels left

rFire   . . .      SeeInvis .    (no weapon)
rCold   . . .      Faith    .    (no shield)
rNeg    . . .      Spirit   .    a - +0 robe
rPois   .          Reflect  .    (no helmet)
rElec   .          Rampage  .    (no cloak)
rCorr   .                        (no gloves)
Will    .....                    d - +0 pair of boots
Stlth   ++                       (no amulet)
HPRegen 0.25/turn                (no ring)
MPRegen 0.11/turn                (no ring)

@: no status effects
A: claws 1, hooves 1, spiny 1, weakness stinger 1
a: no special abilities


You were on level 4 of the Dungeon.
You visited 1 branch of the dungeon, and saw 3 of its levels.

You collected 123 gold pieces.

Inventory:

Armour
 a - a +0 robe (worn)
 d - a +0 pair of boots (worn)
Jewellery
 c - a ring of fire
Potions
 b - a potion of magic
 f - a potion of degeneration {unknown}
 h - a potion of berserk rage {unknown}


   Skills:
 - Level 1.7 Dodging
 - Level 1.7 Stealth
 + Level 3.2 Spellcasting
 + Level 2.5 Transmutations
 + Level 4.1 Poison Magic


You had 9 spell levels left.
You knew the following spells:

 Your Spells              Type           Power      Damage    Failure   Level
a - Sting                 Tmut/Pois      60%        1d6       4%          1

Your spell library contained the following spells:

 Spells                   Type           Power      Damage    Failure   Level
 Poisonous Vapours        Pois/Air       20%        N/A       11%         2
 Cigotuvi's Dreadful Rot  Necr/Pois/Air  14%        N/A       14%         2
 Mephitic Cloud           Conj/Pois/Air  7%         N/A       26%         3
 Olgreb's Toxic Radiance  Pois           18%        N/A       28%         4
 Call Canine Familiar     Summ           2%         N/A       43%         3
 Portal Projectile        Hex/Tloc       4%         N/A       43%         3
 Leda's Liquefaction      Hex/Erth       1%         N/A       85%         4


Dungeon Overview and Level Annotations

Branches:
Dungeon (2/15)

Altars:

Shops:
D:2 (


Innate Abilities, Weirdness & Mutations

You have sharp fingernails.
You have large cloven feet.
You are partially covered in sharp spines.
You have a small tail.


Message History

Reactivating autopickup.
You feel a bit more experienced.
You have reached level 5!
Your demonic ancestry asserts itself...
Sharp spines emerge from parts of your body.
You see here a +0 ring mail.
You are confused.
You feel invigorated.
The orc shouts!
The hound barely misses you.
Unknown command.
You're too confused to move!
The hound closely misses you. The hound is struck by your spines.
The hound bites you but does no damage.
You bump into the rock wall.
The hound misses you.
You're too confused to move!
You feel less invigorated.
You feel less confused. The hound barely misses you. The hound bites you.
Things that are here:
a +0 dagger; 4 stones; a kobold corpse You scratch the orc.
Your tail-slap misses the orc.
The orc is moderately wounded.
The hound is struck by your spines. The hound completely misses you.
The hound is struck by your spines. The hound bites you but does no damage.
The orc is struck by your spines. The orc hits you with a +0 hand axe.
The hound is struck by your spines. The hound barely misses you.
The orc priest calls down the wrath of Beogh upon you.
Beogh smites you!
* * * LOW HITPOINT WARNING * * *
The orc is struck by your spines. The orc hits you but does no damage.
Things that are here:
a +0 dagger; a +0 ring mail The hound is struck by your spines.
The hound closely misses you. The hound attacks as you move away!
The hound bites you but does no damage. The hound bites you.
* * * LOW HITPOINT WARNING * * *
Found a thick robe.
The hound attacks as you move away! The hound bites you.
* * * LOW HITPOINT WARNING * * *
The hound bites you.
You die...

......#.##.##.#.....#
#.........#.....#
###.#############
####.#### #..)o...###
#o##[##...# ..###
#.##.o)...#
......#h#####...#
#..@...##..#####
#.#..............
....<.#.##########
........#.#
......##.# # .####.
.. ## [# .#


You could see a hound and an orc.

Vanquished Creatures
  Jessica (D:2)
  3 orc wizards
  An adder (D:2)
  2 dart slugs
  4 orcs
  A ball python (D:2)
  2 bats
  5 endoplasms
  A giant cockroach (D:1)
  4 jackals (D:2)
  A quokka (D:2)
  2 frilled lizards
  2 kobolds
  2 rats (D:1)
31 creatures vanquished.

Notes
Turn   | Place    | Note
-------+----------+-------------------------------------------
     0 | D:1      | Newt the Demonspawn Venom Mage began the quest for the Orb.
     0 | D:1      | Reached XP level 1. HP: 13/13 MP: 3/3
   133 | D:1      | Reached skill level 1 in Transmutations
   331 | D:1      | Discovered your monstrous ancestry.
   331 | D:1      | Gained mutation: You have sharp fingernails. [demonic
                  | ancestry]
   331 | D:1      | Reached XP level 2. HP: 15/19 MP: 1/5
   903 | D:2      | Noticed Jessica
   912 | D:2      | Killed Jessica
   913 | D:2      | Gained mutation: You have a small tail. [demonic ancestry]
   913 | D:2      | Reached XP level 3. HP: 22/24 MP: 0/6
   984 | D:2      | Found Seddogir's Antique Weapon Emporium.
  1345 | D:2      | Gained mutation: You have large cloven feet. [demonic
                  | ancestry]
  1345 | D:2      | Reached XP level 4. HP: 30/30 MP: 2/8
  1366 | D:2      | Reached skill level 4 in Poison Magic
  1638 | D:2      | You fall into a shaft and drop 2 floors!
  1805 | D:4      | Gained mutation: You are partially covered in sharp spines.
                  | [demonic ancestry]
  1805 | D:4      | Reached XP level 5. HP: 3/35 MP: 4/9
  1816 | D:4      | HP: 1/35 [hound (3)]
  1816 | D:4      | Slain by a hound

Illustrated notes

Levels and vault maps discovered:
D:1:      dpeg_arrival_shelter, layout_loops_ring, amethyst_killhole
D:2:      minmay_razor_zed, layout_basic, serial_shops, nicolae_diamond_shop,
          chequers_serial_rivers_micro_c, uniq_jessica
D:4:      layout_loops_cross, mainiacjoe_overflow_chevrons,
          minmay_temple_entry_offerings, minmay_stone_trees_small,
          grunt_ministairs_2, minmay_shop_grid_forest

Skill      XL: |  1  2  3  4 |
---------------+-------------+-----
Transmutations | 1 2 |  2.5
Spellcasting   | 3 |  3.2
Poison Magic   | 4 |  4.1
Dodging        | |  1.7
Stealth        | |  1.7

Action                     |  1- 3 |  4- 6 || total
---------------------------+-------+-------++-------
  Melee: Unarmed           |    56 |    42 ||    98
         Tailslap          |     2 |     9 ||    11
   Cast: Sting             |    30 |    11 ||    41
    Use: Scroll            |     3 |     2 ||     5
         Potion            |       |     1 ||     1
   Stab: Sleeping          |     2 |     1 ||     3
 Armour: Robe              |    23 |    14 ||    37
  Dodge: Dodged            |    31 |    40 ||    71

Table legend: (Time is in decaauts)
 A = Elapsed time spent in this place.
 B = Non-inter-level travel time spent in this place.
 C = Inter-level travel time spent in this place.
 D = Time resting spent in this place.
 E = Time spent auto-exploring this place.
 F = Levels seen in this place.
 G = Mean time per level.
                   A        B        C        D        E       F      G
               +--------+--------+--------+--------+--------+-----+--------+
         Total |   1815 |   1735 |     80 |    416 |   1046 |   3 |  605.0 |
       Dungeon |   1815 |   1735 |     80 |    416 |   1046 |   3 |  605.0 |
               +--------+--------+--------+--------+--------+-----+--------+

Top non-repeatable levels by time:
     D:1: 847 daAuts
     D:2: 790 daAuts
     D:4: 177 daAuts
